 Dungeon Crawl Stone Soup version 0.15-a0-1723-gae8f746 (webtiles) character file.

53 KaKa the Grave Robber (level 3, -1/26 HPs)
             Began as a Ghoul Necromancer on June 26, 2014.
             Slain by Sigmund
             ... wielding a +0 scythe
              (6 damage)
             ... on Level 2 of the Dungeon.
             The game lasted 00:13:29 (1462 turns).

KaKa the Grave Robber (Ghoul Necromancer)           Turns: 1462, Time: 00:13:29

HP  -1/26        AC  3     Str 11      XL: 3   Next: 89%
MP   0/5         EV 10     Int 11      God:
Gold 40          SH  0     Dex  9      Spells:  3 memorised,  0 levels left

rFire  . . .     SeeInvis .     (no weapon)
rCold  + . .     Clarity  .     f - +0 leather armour
rNeg   + + +     rCorr    .     (no shield)
rPois  +         rRot     +     (no helmet)
rElec  .         Spirit   .     (no cloak)
SustAb .         Warding  .     (no gloves)
rMut   .         Stasis   .     (no boots)
Saprov + + +                    o - cursed amulet of inaccuracy
MR     .....                    (no ring)
                                (no ring)

@: rotting, not resistant to hostile enchantments, very unstealthy
A: rotting body, claws 1, carnivore 3, cold resistance 1, life protection 3,
poison resistance, saprovore 3, slow healing 1, torment resistance, unbreathing
a: no special abilities


You were on level 2 of the Dungeon.
You were not hungry.

You visited 1 branch of the dungeon, and saw 2 of its levels.

You collected 40 gold pieces.

Inventory:

Hand weapons
 k - a cursed -3 club
Armour
 a - a +0 robe
 f - a +0 leather armour (worn)
Magical devices
 q - a wand of slowing (10)
Comestibles
 d - 2 chunks of worm flesh
 m - 2 rotting chunks of hobgoblin flesh
 n - a chunk of giant cockroach flesh
Scrolls
 p - 2 scrolls of identify
Jewellery
 j - an uncursed amulet of clarity
 o - a cursed amulet of inaccuracy (around neck)
Potions
 c - a potion of heal wounds
 e - a potion of curing {unknown}
 g - a potion of agility {unknown}
 i - a potion of resistance {unknown}
 l - a potion of magic {unknown}
Books
 b - a book of Necromancy

   Spells                             Type                      Level
   *Pain                              Necromancy                   1
   *Animate Skeleton                  Necromancy                   1
   *Vampiric Draining                 Necromancy                   3
   Regeneration                       Charms/Necromancy            3
   Animate Dead                       Necromancy                   4
   Control Undead                     Necromancy                   4


   Skills:
 - Level 1.7 Dodging
 - Level 2.1 Stealth
 - Level 0.2 Unarmed Combat
 + Level 1.9 Spellcasting
 + Level 5.3 Necromancy


You couldn't memorise any spells.
You knew the following spells:

 Your Spells              Type           Power        Failure   Level  Hunger
a - Pain                  Necr           ##..         3%          1    ##.....
b - Animate Skeleton      Necr           N/A          3%          1    ##.....
c - Vampiric Draining     Necr           ##........   12%         3    ####...


Dungeon Overview and Level Annotations

Branches:
Dungeon (2/15)

Altars:
Ashenzari
Dithmenos

Annotations:
D:2 Sigmund


Innate Abilities, Weirdness & Mutations

Your body is rotting away.
You have sharp fingernails.
You are carnivorous and can eat meat at any time.
Your flesh is cold resistant.
You are immune to negative energy.
Your system is resistant to poisons.
You thrive on rotten meat.
You heal slowly when monsters are visible.
You are immune to unholy pain and torment.
You can survive without breathing.


Message History

The worm struggles to resist.
The worm barely misses you.
Casting: Pain
Confirm with . or Enter, or press ? or * to list all spells.
Aiming: Pain
Press: ? - help, Shift-Dir - straight line, f/p - worm
Aim: a worm (lightly wounded)
The worm convulses in agony!
Casting: Pain
Confirm with . or Enter, or press ? or * to list all spells.
Aiming: Pain
Press: ? - help, Shift-Dir - straight line, f/p - worm
Aim: a worm (lightly wounded)
The worm convulses in agony!
The worm bites you but does no damage. Something hits you!
You completely miss something. Something hits you.
* * * LOW HITPOINT WARNING * * *
You barely miss the worm.
The worm is lightly wounded.
Something hits you.
You die...

#............... #.##############
#.# #.# #.##############
#..............# ######
####......####.#
###########....######...........#
................@w...............
######....#....#####.......###..#
#.##.#....# #.####.## #._#
######.##.#....# #.# #.# #..#
........#.#....# #.# #w####..#
#######)#.#....# #.# #.#......
#...####### #.# #.#.#...#
##.......[####.####.#.#...<
########.######...).......#.#....


You could see a worm.

Vanquished Creatures
  2 worms (D:2)
  2 giant geckos (D:2)
  A giant cockroach (D:2)
  3 goblins
  2 hobgoblins
  9 bats
  A giant newt (D:1)
  4 kobolds
  5 rats (D:1)
29 creatures vanquished.

Vanquished Creatures (collateral kills)
  An adder (D:1)
  2 bats (D:1)
  A goblin (D:1)
  A rat (D:1)
5 creatures vanquished.

Vanquished Creatures (others)
  4 bat skeletons (D:1)
  A goblin skeleton (D:1)
  A hobgoblin skeleton (D:2)
6 creatures vanquished.

Grand Total: 40 creatures vanquished

Notes
Turn   | Place    | Note
--------------------------------------------------------------
     0 | D:1      | KaKa, the Ghoul Necromancer, began the quest for the Orb.
     0 | D:1      | Reached XP level 1. HP: 14/14 MP: 2/2
     2 | D:1      | Learned a level 1 spell: Animate Skeleton
   156 | D:1      | Reached XP level 2. HP: 14/19 MP: 1/3
   617 | D:1      | Reached XP level 3. HP: 23/26 MP: 0/5
   702 | D:1      | Reached skill level 5 in Necromancy
   708 | D:1      | Learned a level 3 spell: Vampiric Draining
   831 | D:2      | Found a shattered altar of Ashenzari.
  1407 | D:2      | Found a shadowy altar of Dithmenos.
  1415 | D:2      | Noticed Sigmund
  1462 | D:2      | Slain by Sigmund

Action                   || total
-------------------------++-------
Melee: Unarmed           ||    52
 Cast: Pain              ||    67
       Animate Skeleton  ||    13
Evoke: Wand              ||     1
  Use: Scroll            ||     5
 Stab: Sleeping          ||     1
